TOP OF THE 1ST |
---|
Chicago Machine batting - Pitching for Greenville 84s : RHP Kenshin Kubota | Pitching: RHP Kenshin Kubota | | Batting: RHB Gonzalo Gil | 0-0: Called Strike 0-1: Ball 1-1: Ball 2-1: Fly out, F9 (Flyball, 89S) | Batting: LHB Bernardo Montés | 0-0: Foul Ball, location: 2F 0-1: Foul Ball, location: 2F 0-2: Strikes out swinging | Batting: SHB Clint Woods | 0-0: Fly out, F6 (Popup, 6MD) | Top of the 1st over - 0 runs, 0 hits, 0 errors, 0 left on base; Chicago 0 - Greenville 0 | BOTTOM OF THE 1ST |
---|
Greenville 84s batting - Pitching for Chicago Machine : RHP Ron Crawford | Pitching: RHP Ron Crawford | | Batting: LHB Paco Rosas | 0-0: Ball 1-0: Called Strike 1-1: Foul Ball, location: 2F 1-2: Foul Ball, location: 2F 1-2: SOLO HOME RUN (Flyball, 89XD), Distance : 406 ft | Batting: LHB José Costa | 0-0: Ball 1-0: SINGLE (Groundball, 6D) | Batting: RHB Enzo Díaz | 0-0: Called Strike 0-1: Foul Ball, location: 2F 0-2: Grounds into double play, 6-4-3 (Groundball, 56) | Batting: LHB Juan Cortés | 0-0: Foul Ball, location: 2F 0-1: Ball 1-1: Ball 2-1: Called Strike 2-2: Foul Ball, location: 2F 2-2: SINGLE (Groundball, 4D) | Batting: LHB Brock Larsen | 0-0: Ball 1-0: Ball Juan Cortés steals 2nd base 2-0: Foul Ball, location: 2F 2-1: Fly out, F3 (Line Drive, 4) | Bottom of the 1st over - 1 run, 3 hits, 0 errors, 1 left on base; Chicago 0 - Greenville 1 | TOP OF THE 2ND |
---|
Chicago Machine batting - Pitching for Greenville 84s : RHP Kenshin Kubota | Batting: RHB Will Lott | 0-0: Ball 1-0: Called Strike 1-1: Foul Ball, location: 2F 1-2: Ball 2-2: Strikes out swinging | Batting: RHB Lorenzo Guzmán | 0-0: Called Strike 0-1: Foul Ball, location: 2F 0-2: Strikes out swinging | Batting: LHB Denny Poole | 0-0: Foul Ball, location: 2F 0-1: Called Strike 0-2: Ball 1-2: Strikes out swinging | Top of the 2nd over - 0 runs, 0 hits, 0 errors, 0 left on base; Chicago 0 - Greenville 1 | BOTTOM OF THE 2ND |
---|
Greenville 84s batting - Pitching for Chicago Machine : RHP Ron Crawford | Batting: LHB Jimmy Vickers | 0-0: Ball 1-0: SOLO HOME RUN (Flyball, 8RXD), Distance : 450 ft | Batting: RHB Robert Buckley | 0-0: Called Strike 0-1: Ball 1-1: Ground out 6-3 (Groundball, 6) | Batting: RHB Casey Fox | 0-0: Ball 1-0: Ground out 5-3 (Groundball, 56S) | Batting: LHB Chris Moore | 0-0: Ball 1-0: Called Strike 1-1: SINGLE (Flyball, 89S) | Batting: LHB Paco Rosas | 0-0: Foul Ball, location: 2F 0-1: Ball 1-1: Ball 2-1: Called Strike 2-2: Foul Ball, location: 2F 2-2: Ground out 3-1 (Groundball, 34S) | Bottom of the 2nd over - 1 run, 2 hits, 0 errors, 1 left on base; Chicago 0 - Greenville 2 | TOP OF THE 3RD |
---|
Chicago Machine batting - Pitching for Greenville 84s : RHP Kenshin Kubota | Batting: RHB Raúl Bauza | 0-0: Called Strike 0-1: Ball 1-1: Ball 2-1: Foul Ball, location: 2F 2-2: Foul Ball, location: 2F 2-2: Strikes out looking | Batting: LHB Tanyu Imai | 0-0: Ball 1-0: Ball 2-0: Foul Ball, location: 2F 2-1: Ball 3-1: Swinging Strike 3-2: Foul Ball, location: 2F 3-2: Strikes out looking | Batting: SHB Jesús Ramírez | 0-0: Ball 1-0: SINGLE (Groundball, 4D) | Batting: RHB Gonzalo Gil | 0-0: DOUBLE (Line Drive, 9LM) Jesús Ramírez to third Runner from 3rd tries for Home, SAFE, no throw | Batting: LHB Bernardo Montés | 0-0: SINGLE (Groundball, 34D) Gonzalo Gil to third Runner from 3rd tries for Home, SAFE, throw made home | Batting: SHB Clint Woods | 0-0: Ball 1-0: Foul Ball, location: 2F 1-1: Foul Ball, location: 2F 1-2: SINGLE (Groundball, 4D) Bernardo Montés to second Runner from 2nd tries for 3rd, SAFE, no throw | Batting: RHB Will Lott | 0-0: Called Strike 0-1: Ball 1-1: Ball 2-1: Foul Ball, location: 2F 2-2: Strikes out swinging | Top of the 3rd over - 2 runs, 4 hits, 0 errors, 2 left on base; Chicago 2 - Greenville 2 | BOTTOM OF THE 3RD |
---|
Greenville 84s batting - Pitching for Chicago Machine : RHP Ron Crawford | Batting: LHB José Costa | 0-0: DOUBLE (Flyball, 78D) | Batting: RHB Enzo Díaz | 0-0: Foul Ball, location: 2F 0-1: SINGLE (Groundball, 56D) José Costa to third Runner from 3rd tries for Home, SAFE, throw made home Enzo Díaz to second | Batting: LHB Juan Cortés | 0-0: SINGLE (Groundball, 6S) (infield hit) Enzo Díaz to third | Batting: LHB Brock Larsen | 0-0: Ball 1-0: Ball 2-0: DOUBLE (Groundball, 5L) Enzo Díaz scores Juan Cortés to third | Batting: LHB Jimmy Vickers | 0-0: Fly out, F9 (Flyball, 9LM) | Batting: RHB Robert Buckley | 0-0: Ball 1-0: Foul Ball, location: 2F 1-1: Called Strike 1-2: Ball 2-2: Ball 3-2: Base on Balls | Batting: RHB Casey Fox | 0-0: Fly out, F7 (Flyball, 7S) | Batting: LHB Chris Moore | 0-0: Ball 1-0: Called Strike 1-1: Ball 2-1: Ball 3-1: Called Strike 3-2: Foul Ball, location: 2F 3-2: Ground out 4-3 (Groundball, 4) | Bottom of the 3rd over - 2 runs, 4 hits, 0 errors, 3 left on base; Chicago 2 - Greenville 4 | TOP OF THE 4TH |
---|
Chicago Machine batting - Pitching for Greenville 84s : RHP Kenshin Kubota | Batting: RHB Lorenzo Guzmán | 0-0: Called Strike 0-1: Called Strike 0-2: Ball 1-2: Ball 2-2: Fly out, F7 (Flyball, 7S) | Batting: LHB Denny Poole | 0-0: Foul Ball, location: 2F 0-1: Ground out 4-3 (Groundball, 4) | Batting: RHB Raúl Bauza | 0-0: Ball 1-0: Ball 2-0: Ball 3-0: Base on Balls | Batting: LHB Tanyu Imai | 0-0: Ball 1-0: Called Strike 1-1: Swinging Strike 1-2: Foul Ball, location: 2F 1-2: Strikes out swinging | Top of the 4th over - 0 runs, 0 hits, 0 errors, 1 left on base; Chicago 2 - Greenville 4 | BOTTOM OF THE 4TH |
---|
Greenville 84s batting - Pitching for Chicago Machine : RHP Ron Crawford | Batting: LHB Paco Rosas | 0-0: Ball 1-0: Ball 2-0: Called Strike 2-1: Ball 3-1: Base on Balls | Batting: LHB José Costa | 0-0: Ball 1-0: Fly out, F7 (Flyball, 78S) | Batting: RHB Enzo Díaz | 0-0: Called Strike 0-1: Ball 1-1: Ball 2-1: Ball 3-1: Base on Balls Paco Rosas to second | Batting: LHB Juan Cortés | 0-0: Swinging Strike 0-1: 3-RUN HOME RUN (Flyball, 7D), Distance : 357 ft | Pitching: RHP Garrett Bell | | Batting: LHB Brock Larsen | 0-0: Ball 1-0: Swinging Strike 1-1: Swinging Strike 1-2: Strikes out swinging | Batting: LHB Jimmy Vickers | 0-0: Ball 1-0: Ball 2-0: Ground out 4-3 (Groundball, 4) | Bottom of the 4th over - 3 runs, 1 hit, 0 errors, 0 left on base; Chicago 2 - Greenville 7 | TOP OF THE 5TH |
---|
Chicago Machine batting - Pitching for Greenville 84s : RHP Kenshin Kubota | Batting: SHB Jesús Ramírez | 0-0: Swinging Strike 0-1: Ball 1-1: Foul Ball, location: 2F 1-2: Foul Ball, location: 2F 1-2: Foul Ball, location: 2F 1-2: Foul Ball, location: 2F 1-2: Ball 2-2: Strikes out looking | Batting: RHB Gonzalo Gil | 0-0: Ball 1-0: Called Strike 1-1: Foul Ball, location: 2F 1-2: SINGLE (Flyball, 7S) | Batting: LHB Bernardo Montés | 0-0: Called Strike Gonzalo Gil steals 2nd base 0-1: 2-RUN HOME RUN (Flyball, 9D), Distance : 334 ft | Batting: SHB Clint Woods | 0-0: Ball 1-0: Ground out U3 (Groundball, 34) | Batting: RHB Will Lott | 0-0: Called Strike 0-1: Foul Ball, location: 2F 0-2: Strikes out swinging | Top of the 5th over - 2 runs, 2 hits, 0 errors, 0 left on base; Chicago 4 - Greenville 7 | BOTTOM OF THE 5TH |
---|
Greenville 84s batting - Pitching for Chicago Machine : RHP Garrett Bell | Batting: RHB Robert Buckley | 0-0: Foul Ball, location: 2F 0-1: Ball 1-1: Ball 2-1: DOUBLE (Flyball, 8LXD) | Batting: RHB Casey Fox | 0-0: SINGLE (Groundball, 4MD) Robert Buckley to third Runner from 3rd tries for Home, SAFE, no throw | Batting: LHB Chris Moore | 0-0: Ball 1-0: Swinging Strike 1-1: Fly out, F9 (Flyball, 89S) | Batting: LHB Paco Rosas | 0-0: Ball 1-0: Fielders Choice at 2nd, 1-6 (Groundball, P) | Batting: LHB José Costa | 0-0: Ball 1-0: Fielders Choice at 2nd, 5-4 (Groundball, 5) | Bottom of the 5th over - 1 run, 2 hits, 0 errors, 1 left on base; Chicago 4 - Greenville 8 | TOP OF THE 6TH |
---|
Chicago Machine batting - Pitching for Greenville 84s : RHP Kenshin Kubota | Batting: RHB Lorenzo Guzmán | 0-0: Swinging Strike 0-1: Ball 1-1: Foul Ball, location: 2F 1-2: Ball 2-2: Foul Ball, location: 2F 2-2: Ball 3-2: Strikes out swinging | Batting: LHB Denny Poole | 0-0: Ground out 6-3 (Groundball, 6) | Batting: RHB Raúl Bauza | 0-0: Called Strike 0-1: SINGLE (Line Drive, 6M) | Batting: LHB Tanyu Imai | 0-0: Called Strike 0-1: Fly out, F7 (Flyball, 7S) | Top of the 6th over - 0 runs, 1 hit, 0 errors, 1 left on base; Chicago 4 - Greenville 8 | BOTTOM OF THE 6TH |
---|
Greenville 84s batting - Pitching for Chicago Machine : RHP Garrett Bell | Batting: RHB Enzo Díaz | 0-0: Ball 1-0: Called Strike 1-1: Foul Ball, location: 2F 1-2: Fly out, F6 (Popup, P) | Batting: LHB Juan Cortés | 0-0: Called Strike 0-1: Fly out, F8 (Line Drive, 8LM) | Batting: LHB Brock Larsen | 0-0: Called Strike 0-1: Ball 1-1: Foul Ball, location: 2F 1-2: Ball 2-2: SOLO HOME RUN (Flyball, 9LD), Distance : 325 ft | Batting: LHB Jimmy Vickers | 0-0: Called Strike 0-1: Ground out U3 (Groundball, 3L) | Bottom of the 6th over - 1 run, 1 hit, 0 errors, 0 left on base; Chicago 4 - Greenville 9 | TOP OF THE 7TH |
---|
Chicago Machine batting - Pitching for Greenville 84s : RHP Kenshin Kubota | Pitching: LHP Raymond Ritchie | | Batting: SHB Jesús Ramírez | 0-0: Foul Ball, location: 2F 0-1: Ball 1-1: Swinging Strike 1-2: Ground out 5-3 (Groundball, 56) | Batting: RHB Gonzalo Gil | 0-0: Foul Ball, location: 2F 0-1: Called Strike 0-2: DOUBLE (Line Drive, 7LM) | Batting: LHB Bernardo Montés | 0-0: Ball 1-0: Swinging Strike 1-1: Foul Ball, location: 2F 1-2: Foul Ball, location: 2F 1-2: Ball 2-2: Ball 3-2: Base on Balls | Batting: SHB Clint Woods | 0-0: Called Strike 0-1: Ball 1-1: Grounds into double play, 3-6-3 (Groundball, 3) | Top of the 7th over - 0 runs, 1 hit, 0 errors, 1 left on base; Chicago 4 - Greenville 9 | BOTTOM OF THE 7TH |
---|
Greenville 84s batting - Pitching for Chicago Machine : RHP Garrett Bell | Batting: RHB Robert Buckley | 0-0: Ball 1-0: SINGLE (Line Drive, 8RS) | Batting: RHB Casey Fox | 0-0: Called Strike 0-1: Foul Ball, location: 2F 0-2: Strikes out swinging | Batting: LHB Chris Moore | 0-0: Foul Ball, location: 2F 0-1: Ball 1-1: Grounds into double play, 6-4-3 (Groundball, 6) | Bottom of the 7th over - 0 runs, 1 hit, 0 errors, 0 left on base; Chicago 4 - Greenville 9 | TOP OF THE 8TH |
---|
Chicago Machine batting - Pitching for Greenville 84s : LHP Raymond Ritchie | Batting: RHB Will Lott | 0-0: Called Strike 0-1: Swinging Strike 0-2: Ground out 5-3 (Groundball, 56S) | Batting: RHB Lorenzo Guzmán | 0-0: Ball 1-0: Ground out 4-3 (Groundball, 4M) | Batting: LHB Denny Poole | 0-0: DOUBLE (Line Drive, 9LM) | Batting: RHB Raúl Bauza | 0-0: Ball 1-0: Ball 2-0: Fly out, F7 (Flyball, 7S) | Top of the 8th over - 0 runs, 1 hit, 0 errors, 1 left on base; Chicago 4 - Greenville 9 | BOTTOM OF THE 8TH |
---|
Greenville 84s batting - Pitching for Chicago Machine : RHP Garrett Bell | Batting: LHB Paco Rosas | 0-0: Swinging Strike 0-1: Ball 1-1: SINGLE (Line Drive, 7S) | Batting: LHB José Costa | 0-0: Foul Ball, location: 2F 0-1: Called Strike 0-2: Foul Ball, location: 2F 0-2: Ball 1-2: Strikes out looking | Batting: RHB Enzo Díaz | 0-0: Foul Ball, location: 2F 0-1: Called Strike 0-2: Fly out, F8 (Flyball, 8RM) | Batting: LHB Juan Cortés | 0-0: Ball 1-0: Ball 2-0: Called Strike 2-1: Fly out, F7 (Flyball, 7) | Bottom of the 8th over - 0 runs, 1 hit, 0 errors, 1 left on base; Chicago 4 - Greenville 9 | TOP OF THE 9TH |
---|
Chicago Machine batting - Pitching for Greenville 84s : LHP Raymond Ritchie | Batting: LHB Tanyu Imai | 0-0: Foul Ball, location: 2F 0-1: Ground out U3 (Groundball, 3) | Batting: SHB Jesús Ramírez | 0-0: Ball 1-0: Fly out, F7 (Flyball, 78S) | Batting: RHB Gonzalo Gil | 0-0: Foul Ball, location: 2F 0-1: Foul Ball, location: 2F 0-2: Ball 1-2: SINGLE (Groundball, 6M) (infield hit) | Batting: LHB Bernardo Montés | 0-0: Ball 1-0: Ball 2-0: Called Strike 2-1: Ball 3-1: Foul Ball, location: 2F Pickoff Throw to First - Out! | Top of the 9th over - 0 runs, 1 hit, 0 errors, 0 left on base; Chicago 4 - Greenville 9 | |